 Dungeon Crawl Stone Soup version 0.23-a0-54-gae6112e (webtiles) character file.

5997 jjfam the Cleaver (level 10, -2/92 HPs)
             Began as a Deep Dwarf Fighter on Aug 8, 2018.
             Was a Believer of Makhleb.
             Slain by Erolcha
             ... wielding a +6 giant club
              (14 damage)
             ... on level 9 of the Dungeon.
             The game lasted 00:24:10 (6289 turns).

jjfam the Cleaver (Deep Dwarf Fighter)              Turns: 6289, Time: 00:24:11

Health: -2/92      AC: 12    Str: 22    XL:     10   Next: 55%
Magic:  7/7        EV: 18    Int: 10    God:    Makhleb [**....]
Gold:   640        SH: 11    Dex: 12    Spells: 9/9 levels left

rFire    . . .     SeeInvis .   a - +1 war axe
rCold    . . .     Gourm    .   c - +0 shield
rNeg     . . .     Faith    .   y - +3 leather armour
rPois    .         Spirit   .   z - +2 hat
rElec    .         Reflect  .   l - scarf {cloud immunity}
rCorr    .         Harm     .   E - +1 pair of gloves
MR       +....                  D - +0 pair of boots
Stlth    ++........             (no amulet)
HPRegen  0.00/turn              n - +3 ring of slaying
MPRegen  0.10/turn              m - +5 ring of evasion

@: non-regenerating
A: damage resistance, heal wounds, sense surroundings 2, no regeneration
a: Heal Wounds, Minor Destruction, Renounce Religion


You were on level 9 of the Dungeon.
You worshipped Makhleb.
Makhleb was pleased with you.
You were not hungry.

You visited 2 branches of the dungeon, and saw 10 of its levels.

You collected 640 gold pieces.

Inventory:

Hand Weapons
 a - a +1 war axe (weapon)
Armour
 c - a +0 shield (worn)
 l - a scarf of cloud immunity (worn)
 q - a +0 plate armour
 y - a +3 leather armour (worn)
 z - a +2 hat (worn)
 D - a +0 pair of boots (worn)
 E - a +1 pair of gloves (worn)
Jewellery
 m - a +5 ring of evasion (right hand)
 n - a +3 ring of slaying (left hand)
 u - an uncursed ring of see invisible
Wands
 b - a wand of random effects (26)
 C - a wand of flame (20)
 G - a wand of disintegration (7)
Scrolls
 g - 2 scrolls of teleportation
 j - a scroll of blinking {unknown}
 o - 2 scrolls of remove curse
 p - a scroll of random uselessness
 t - 2 scrolls of amnesia {unknown}
 w - 3 scrolls of identify
Potions
 d - 3 potions of might
 e - a potion of agility {unknown}
 h - a potion of berserk rage {unknown}
 i - 7 potions of haste
 k - a potion of flight
 r - a potion of heal wounds {unknown}
 s - a potion of lignification {unknown}
 v - a potion of degeneration {unknown}
 x - 6 potions of curing
 B - a potion of resistance {unknown}
 F - 3 potions of mutation {unknown}
 H - a potion of magic {unknown}
Comestibles
 f - 16 rations
 A - 8 chunks of flesh


   Skills:
 + Level 6.7 Fighting
 + Level 11.9 Axes
 + Level 5.9 Armour
 + Level 5.2 Dodging
 + Level 1.9 Stealth
 + Level 7.9 Shields
 + Level 0.2 Evocations


You had 9 spell levels left.
You didn't know any spells.
Your spell library contained the following spells:

 Spells                   Type           Power        Failure   Level  Hunger
 Fireball                 Conj/Fire      #.........   100%        5    ######.
 Conjure Flame            Conj/Fire      #.......     97%         3    ####...
 Throw Flame              Conj/Fire      #.....       86%         2    ###....
 Summon Small Mammal      Summ           #...         73%         1    ##.....
 Animate Dead             Necr           N/A          100%        4    #####..
 Pain                     Necr           #...         73%         1    ##.....
 Animate Skeleton         Necr           N/A          73%         1    ##.....
 Vampiric Draining        Necr           #.........   97%         3    ####...
 Sticky Flame             Conj/Fire      #.......     100%        4    #####..
 Summon Ice Beast         Ice/Summ       #.......     100%        4    #####..
 Call Imp                 Summ           #.......     86%         2    ###....
 Regeneration             Chrm/Necr      #.........   97%         3    ####...
 Flame Tongue             Conj/Fire      #....        73%         1    ##.....
 Call Canine Familiar     Summ           #.......     97%         3    ####...
 Inner Flame              Hex/Fire       #.......     97%         3    ####...
 Summon Lightning Spire   Summ/Air       #.......     100%        4    #####..
 Summon Guardian Golem    Hex/Summ       #.......     97%         3    ####...


Dungeon Overview and Level Annotations

Branches:
Dungeon (9/15)             Temple (1/1) D:5
   Lair: D:8-11         Orc: D:9-12

Altars:
Ashenzari
Cheibriados
Dithmenos
Elyvilon
Fedhas
Gozag
Hepliaklqana
Kikubaaqudgha
Makhleb
Nemelex Xobeh
Okawaru
Ru
Sif Muna
Trog
Uskayaw
Vehumet
Wu Jian
Xom
Yredelemnul
Zin
The Shining One

Annotations:
D:9 Erolcha


Innate Abilities, Weirdness & Mutations

You are resistant to damage.
You can heal yourself by infusing magical energy.
You passively map the area around you.
You do not regenerate.


Message History

The orc warrior barely misses you. The wight barely misses you.
The orc priest looks encouraged for a moment.
You barely miss the orc warrior.
The orc warrior is almost dead.
You hit Erolcha. You slash the orc priest!
You kill the orc priest!
Makhleb accepts your kill.
You feel better. Erolcha gestures at you while chanting.
The bolt of cold hits you!
* * * LOW HITPOINT WARNING * * *
The orc warrior hits you with an enchanted battleaxe.
* * * LOW HITPOINT WARNING * * *
Erolcha tries to grin evilly.
Erolcha hits you with an enchanted giant club.
* * * LOW HITPOINT WARNING * * *
You block the wight's attack. x2
You fail to use your ability.
The wight hits you but does no damage.
Erolcha hits you with an enchanted giant club!!
You die...

###### * , , * , ,
§§..§# #. , , +, ,,
* §§§§§#* #., * **,,
, .§§§§# #.. *
§.§§§#* *#.. * ' *
§.§.§# *####.##
####. * ######
.....z. #..., .....>
.....zO########.####
######
......o@...##......#
##§###
......z###.##.....(#
#§§.## .......
#.........# §§§§§#
....... ####......#
#§..## *#.#####
###.#### ##.### # *
#.## ###### * #..##
###### *, ##..# #
###+#####
######'####


You could see Erolcha, an orc warrior and 3 wights.

Vanquished Creatures
  A two-headed ogre (D:9)
  Sigmund (D:4)
  5 yaks (D:9)
  A wyvern (D:7)
  Eustachio (D:4)
  A hungry ghost (D:8)
  2 water moccasins (D:8)
  4 ice beasts
  2 sky beasts (D:7)
  2 orc warriors
  A phantom (D:8)
  7 ogres
  3 centaurs
  4 bullfrogs
  A gnoll sergeant (D:9)
  A scorpion (D:6)
  5 killer bees (D:8)
  8 wights
  7 crimson imps
  3 orc priests (D:9)
  5 hounds
  2 jellies
  4 iguanas
  3 bullfrog skeletons
  4 orc wizards
  Natasha (thrice) (D:4)
  3 worker ants
  A hound zombie (D:5)
  A howler monkey zombie (D:7)
  6 gnolls
  10 adders
  2 white imps (D:8)
  2 adder skeletons (D:6)
  6 worms
  4 dart slugs (D:1)
  2 leopard geckos
  15 orcs
  9 giant cockroaches
  7 goblins
  8 hobgoblins
  6 jackals (D:3)
  2 quokkas
  2 ball pythons (D:1)
  14 bats
  4 frilled lizards
  11 kobolds
  A quokka skeleton (D:5)
  A quokka zombie (D:6)
  8 rats
206 creatures vanquished.

Vanquished Creatures (others)
  A crimson imp (D:8)
1 creature vanquished.

Grand Total: 207 creatures vanquished

Notes
Turn   | Place    | Note
-------+----------+-------------------------------------------
     0 | D:1      | jjfam the Deep Dwarf Fighter began the quest for the Orb.
     0 | D:1      | Reached XP level 1. HP: 20/20 MP: 1/1
    77 | D:1      | Reached XP level 2. HP: 24/27 MP: 2/2
   332 | D:1      | Reached XP level 3. HP: 27/33 MP: 3/3
   423 | D:1      | Reached skill level 3 in Axes
   798 | D:2      | Reached XP level 4. HP: 34/42 MP: 4/4
  1129 | D:3      | Reached skill level 4 in Axes
  1177 | D:3      | Reached XP level 5. HP: 13/49 MP: 5/5
  1230 | D:3      | Reached skill level 1 in Dodging
  1282 | D:3      | Found an iron altar of Okawaru.
  1767 | D:3      | Found a shimmering altar of Xom.
  1768 | D:3      | Found an ancient bone altar of Kikubaaqudgha.
  1815 | D:4      | Noticed Eustachio
  1817 | D:4      | Reached skill level 5 in Axes
  1829 | D:4      | Killed Eustachio
  1829 | D:4      | Reached XP level 6. HP: 20/56 MP: 6/6
  1911 | D:4      | Reached skill level 6 in Axes
  1928 | D:4      | Found a shattered altar of Ashenzari.
  1970 | D:4      | Reached XP level 7. HP: 45/62 MP: 6/6
  2024 | D:4      | Noticed Natasha
  2030 | D:4      | Killed Natasha
  2185 | D:4      | Noticed Natasha
  2193 | D:4      | Killed Natasha
  2200 | D:4      | Noticed Natasha
  2204 | D:4      | Killed Natasha
  2395 | D:4      | Noticed Sigmund
  2403 | D:4      | Killed Sigmund
  2403 | D:4      | Reached skill level 7 in Axes
  2403 | D:4      | Reached skill level 5 in Armour
  2544 | D:5      | Entered Level 5 of the Dungeon
  2571 | D:5      | Reached XP level 8. HP: 63/72 MP: 7/7
  2726 | D:5      | Reached skill level 8 in Axes
  2736 | D:5      | Reached skill level 5 in Shields
  2982 | D:5      | Found a staircase to the Ecumenical Temple.
  2993 | Temple   | Entered the Ecumenical Temple
  3183 | Temple   | Became a worshipper of Makhleb the Destroyer
  3432 | D:6      | Found a sparkling altar of Nemelex Xobeh.
  3542 | D:6      | Reached skill level 9 in Axes
  3595 | D:6      | Reached skill level 1 in Stealth
  4059 | D:7      | Gained mutation: You passively map the area around you. [Deep Dwarf growth]
  4059 | D:7      | Reached XP level 9. HP: 38/80 MP: 0/8
  4090 | D:7      | Reached * piety under Makhleb
  4107 | D:7      | Reached skill level 5 in Fighting
  4131 | D:7      | Found a shadowy altar of Dithmenos.
  4156 | D:7      | Found a snail-covered altar of Cheibriados.
  4650 | D:7      | Found a hide-covered altar of Uskayaw.
  4887 | D:8      | Reached skill level 10 in Axes
  5301 | D:8      | Reached skill level 11 in Axes
  5301 | D:8      | Reached XP level 10. HP: 59/91 MP: 8/8
  5402 | D:8      | Reached ** piety under Makhleb
  5507 | D:8      | Found a glowing golden altar of the Shining One.
  5519 | D:8      | Noticed an angel
  5536 | D:8      | Found a basalt altar of Yredelemnul.
  5809 | D:9      | Found a hazy altar of Hepliaklqana.
  5847 | D:9      | Found a sparkling altar of Nemelex Xobeh.
  6152 | D:9      | Noticed a two-headed ogre
  6163 | D:9      | Killed a two-headed ogre
  6163 | D:9      | Reached skill level 5 in Dodging
  6272 | D:9      | Noticed Erolcha
  6289 | D:9      | Slain by Erolcha

Vault maps used:
D:1:      minmay_arrival_four_circles
D:2:      first_ration
D:3:      okawaru_gym_becter, gammafunk_temple_overflow_statue
D:4:      lemuel_round_altar, uniq_sigmund, uniq_natasha, uniq_eustachio
D:5:      minmay_temple_entry_statues_pillars
D:6:      minivault_11, nemelex_spade_bored_becter
D:7:      old_standard_altar, kennysheep_mini, basic_altar
D:8:      grunt_temple_overflow_holy_war, grunt_pizzeria, minmay_nine_imps
D:9:      nemelex_altar_shiori, lemuel_crystal_altar, grunt_qazlal_clouds,
          uniq_erolcha
Temple:   minmay_temple_curvy_loop

Skill      XL: |  1  2  3  4  5  6  7  8  9 10 |
---------------+-------------------------------+-----
Axes           | 3 4 5 6 7 9 11 | 11.9
Fighting       | 3 4 6 |  6.7
Dodging        | 1 2 4 5 |  5.2
Shields        | 4 5 7 |  7.9
Armour         | 4 5 |  5.9
Stealth        | 1 |  1.9
Evocations     | |  0.2

Action                   |  1- 3 |  4- 6 |  7- 9 | 10-12 || total
-------------------------+-------+-------+-------+-------++-------
Melee: War axe           |   113 |   132 |   291 |   139 ||   675
 Abil: Heal Wounds       |     1 |     4 |    13 |     5 ||    23
Evoke: Wand              |       |       |     2 |       ||     2
  Use: Scroll            |       |       |    13 |     1 ||    14
 Stab: Sleeping          |       |       |       |     1 ||     1
  Eat: Chunk             |       |     4 |     7 |     3 ||    14
       Ration            |       |       |     2 |       ||     2
Armor: Scale mail        |    51 |    68 |       |       ||   119
       Leather armour    |       |       |    67 |    20 ||    87
Dodge: Dodged            |    46 |    44 |   115 |    69 ||   274
Block: Shield            |    61 |    74 |   160 |    67 ||   362

Table legend:
 A = Spawn XP
 B = Non-spawn XP
 C = Spawn XP percentage of total XP
 D = Spawn monster count
 E = Non-spawn monster count
 F = Spawn count percentage of total count
 G = Total turns spent on level
                    A         B        C        D         E        F      G
               +---------+---------+-------+---------+---------+-------+---------
         Total |       0 |    8568 |   0.0 |       0 |     207 |   0.0 |  6289
               +---------+---------+-------+---------+---------+-------+---------
           D:1 |       0 |      46 |   0.0 |       0 |      24 |   0.0 |   580
           D:2 |       0 |     106 |   0.0 |       0 |      25 |   0.0 |   436
           D:3 |       0 |     147 |   0.0 |       0 |      38 |   0.0 |   796
           D:4 |       0 |     956 |   0.0 |       0 |      20 |   0.0 |   734
           D:5 |       0 |     740 |   0.0 |       0 |      12 |   0.0 |   575
           D:6 |       0 |     678 |   0.0 |       0 |      15 |   0.0 |   671
           D:7 |       0 |     821 |   0.0 |       0 |      10 |   0.0 |   756
           D:8 |       0 |    2563 |   0.0 |       0 |      36 |   0.0 |   968
           D:9 |       0 |    2508 |   0.0 |       0 |      26 |   0.0 |   516
        Temple |       0 |       3 |   0.0 |       0 |       1 |   0.0 |   257
               +---------+---------+-------+---------+---------+-------+---------
